 Dungeon Crawl Stone Soup version 0.17-a0-2101-g0c122e7 (webtiles) character file.

81 septik the Firebug (level 4, -1/24 HPs)
             Began as a Gargoyle Fire Elementalist on Oct 18, 2015.
             Slain by Natasha (6 damage)
             ... on level 3 of the Dungeon.
             The game lasted 00:12:49 (3289 turns).

septik the Firebug (Gargoyle Fire Elementalist)     Turns: 3289, Time: 00:12:49

Health: -1/24      AC:  7    Str: 11    XL:     4   Next: 42%
Magic:  6/7        EV: 12    Int: 17    God:
Gold:   64         SH:  0    Dex: 10    Spells: 2 memorised, 4 levels left

rFire  . . .     SeeInvis .     j - -2 club (curse)
rCold  . . .     Clarity  .     a - +0 robe
rNeg   + + .     SustAt   .     (no shield)
rPois  ∞         Gourm    .     (no helmet)
rElec  +         Spirit   .     r - +0 cloak (curse)
rCorr  .         Warding  .     (no gloves)
rMut   .         Stasis   .     B - +0 pair of boots
MR     .....                    (no amulet)
Stlth  ++........               (no ring)
                                g - ring of positive energy

@: slowed, very slow, not resistant to hostile enchantments, unstealthy
A: negative energy resistance 1, electricity resistance, unbreathing,
petrification resistance, rot immunity, AC +3
a: no special abilities


You were on level 3 of the Dungeon.
You were hungry.

You visited 1 branch of the dungeon, and saw 3 of its levels.

You collected 64 gold pieces.

Inventory:

Hand Weapons
 d - a +0 hunting sling
 j - a cursed -2 club (weapon)
Missiles
 e - 86 stones (quivered)
Armour
 a - a +0 robe (worn)
 r - a cursed +0 cloak (worn)
 B - a +0 pair of boots (worn)
Jewellery
 g - a ring of positive energy (left hand)
Wands
 y - a wand of random effects (32)
Scrolls
 f - 2 scrolls of magic mapping {unknown}
 h - 5 scrolls of identify {unknown}
 i - 2 scrolls of enchant weapon {unknown}
 k - 3 scrolls of immolation {unknown}
 l - 5 scrolls of fear {unknown}
 m - a scroll of teleportation {unknown}
 n - a scroll of noise {unknown}
 p - 3 scrolls of fog {unknown}
 u - a scroll of recharging {unknown}
 x - a scroll of remove curse {unknown}
 A - a scroll of enchant armour {unknown}
Potions
 o - a potion of curing {unknown}
 v - a potion of cancellation {unknown}
 w - a potion of lignification {unknown}
 z - a potion of heal wounds {unknown}
 C - a potion of brilliance {unknown}
Books
 b - a book of Flames

   Spells                             Type                      Level
   a - Flame Tongue                   Conjuration/Fire             1
   b - Throw Flame                    Conjuration/Fire             2
   c - Conjure Flame                  Conjuration/Fire             3
   d - Inner Flame                    Hexes/Fire                   3
   e - Sticky Flame                   Conjuration/Fire             4
   f - Fireball                       Conjuration/Fire             5
Comestibles
 c - 3 bread rations
 q - 2 beef jerkies
 s - 4 fruits
 t - a meat ration


   Skills:
 - Level 1.5 Dodging
 - Level 2.1 Stealth
 + Level 2.6 Spellcasting
 * Level 2.4 Conjurations
 + Level 4.1 Fire Magic


You had 4 spell levels left.
You knew the following spells:

 Your Spells              Type           Power        Failure   Level  Hunger
a - Flame Tongue          Conj/Fire      ##...        6%          1    #......
b - Conjure Flame         Conj/Fire      ##......     17%         3    ###....


Dungeon Overview and Level Annotations

Branches:
Dungeon (3/15)

Altars:
Elyvilon
Xom
Yredelemnul

Annotations:
D:2 Sigmund
D:3 Ijyb, Natasha


Innate Abilities, Weirdness & Mutations

You are resistant to torment.
Your stone body is resilient (AC +3).
You are immune to poison.
You resist negative energy.
You are resistant to electric shocks.
You can survive without breathing.
You are immune to petrification.
You are immune to rotting.


Message History

Natasha closely misses you. Natasha barely misses you.
You closely miss Natasha. Natasha closely misses you.
Natasha casts a spell at you.
You feel as though you will be slow longer.
You closely miss Natasha. Natasha completely misses you.
Natasha casts a spell at you. The magic dart hits you!
* * * LOW HITPOINT WARNING * * *
You barely miss Natasha.
The crimson imp disappears in a puff of smoke!
Natasha claws you but does no damage. Natasha casts a spell at you.
You feel as though you will be slow longer.
You hit Natasha.
Natasha is lightly wounded.
Natasha closely misses you. x2
You barely miss Natasha.
Natasha is lightly wounded.
Natasha claws you.
You die...

....#..#.# #.....#..# ...
.#.h#....# #...... .#....
'#...#.#. #....###.#....
..#....#.# #....#........
..##.#.######...h#........
..##...5h........'........
..########..###.##........
### #..#.#.##........
#......@h........
##.#....#........
#.#.####........ ....#
#........ #.# #........ #
#########


You could see Natasha.

Vanquished Creatures
  2 adders
  A shadow imp (D:3)
  A worm (D:2)
  4 giant geckos
  An orc (D:3)
  5 bats
  3 giant cockroaches
  4 goblins (D:1)
  6 hobgoblins
  4 jackals (D:1)
  2 quokkas
  2 giant newts
  7 kobolds
  5 rats
47 creatures vanquished.

Notes
Turn   | Place    | Note
--------------------------------------------------------------
     0 | D:1      | septik the Gargoyle Fire Elementalist began the quest for the Orb.
     0 | D:1      | Reached XP level 1. HP: 10/10 MP: 3/3
   419 | D:1      | Reached XP level 2. HP: 10/15 MP: 0/5
  1051 | D:1      | Reached XP level 3. HP: 19/19 MP: 4/6
  1456 | D:2      | Noticed Sigmund
  1839 | D:2      | Found a shimmering altar of Xom.
  1894 | D:2      | Found a basalt altar of Yredelemnul.
  1973 | D:2      | Found a white marble altar of Elyvilon.
  2269 | D:3      | Reached skill level 4 in Fire Magic
  2269 | D:3      | Reached XP level 4. HP: 18/24 MP: 2/7
  2274 | D:3      | Learned a level 3 spell: Conjure Flame
  2324 | D:3      | Noticed Ijyb
  2469 | D:3      | Noticed Natasha
  3289 | D:3      | Slain by Natasha

Vault maps used:
D:1:      dpeg_arrival_rhombi, columned_hall_lemuel, hangedman_feature_mirror
D:2:      elyvilon_altar_5, xom_butterflies, yredelemnul_altar_generic,
          lemuel_statue_altar, uniq_sigmund
D:3:      first_bread, uniq_natasha, uniq_iyjb

Action                   |  1- 3 |  4- 6 || total
-------------------------+-------+-------++-------
Melee: Club              |    18 |    33 ||    51
 Fire: Hunting sling     |     9 |       ||     9
 Cast: Flame Tongue      |    57 |    30 ||    87
       Conjure Flame     |       |     4 ||     4
  Eat: Chunk             |     4 |       ||     4
       Bread ration      |       |     1 ||     1
